TOP OF THE 1ST |
Seattle Rainiers batting - Pitching for Saskatoon Smokin' Guns : RHP William Bryan
|
Pitching: RHP William Bryan
|
|
Batting: RHB Edward Melton
|
0-0: Ball 1-0: Swinging Strike 1-1: Ball 2-1: Ball 3-1: Foul Ball, location: 2F 3-2: Foul Ball, location: 2F 3-2: Foul Ball, location: 2F 3-2: Strikes out looking
|
Batting: RHB Alejandro Ramos
|
0-0: SINGLE (Line Drive, 7S)
|
Batting: SHB Glenn Vadnais
|
0-0: Foul Ball, location: 2F 0-1: Swinging Strike 0-2: Ball 1-2: Strikes out swinging
|
Batting: LHB Brian Boone
|
0-0: Fielders Choice at 2nd, U4 (Groundball, 4M)
|
Top of the 1st over - 0 run(s), 1 hit(s), 0 error(s), 1 left on base; Seattle 0 - Saskatoon 0 |
BOTTOM OF THE 1ST |
Saskatoon Smokin' Guns batting - Pitching for Seattle Rainiers : RHP Esteban Corona
|
Pitching: RHP Esteban Corona
|
|
Batting: RHB Xavier López
|
0-0: Called Strike 0-1: Ground out 6-3 (Groundball, 6)
|
Batting: RHB Chris Richards
|
0-0: Called Strike 0-1: Foul Ball, location: 2F 0-2: Foul Ball, location: 2F 0-2: DOUBLE (Flyball, 89D) - OUT at third base trying to stretch hit.
|
Batting: RHB Alvin Hampton
|
0-0: Ball 1-0: Ball 2-0: SINGLE (Groundball, 56D)
|
Batting: RHB Eric Neal
|
0-0: Swinging Strike 0-1: Foul Ball, location: 2F 0-2: Ball 1-2: Foul Ball, location: 2F 1-2: Foul Ball, location: 2F 1-2: Foul Ball, location: 2F 1-2: Ball 2-2: Ball 3-2: Foul Ball, location: 2F 3-2: Foul Ball, location: 2F 3-2: Strikes out looking
|
Bottom of the 1st over - 0 run(s), 2 hit(s), 0 error(s), 1 left on base; Seattle 0 - Saskatoon 0 |
TOP OF THE 2ND |
Seattle Rainiers batting - Pitching for Saskatoon Smokin' Guns : RHP William Bryan
|
Batting: RHB Jorge Montoya
|
0-0: Called Strike 0-1: Ground out 6-3 (Groundball, 6M)
|
Batting: LHB Tony Rivera
|
0-0: Called Strike 0-1: Ball 1-1: Foul Ball, location: 2F 1-2: Strikes out swinging
|
Batting: RHB Jorge Colón
|
0-0: Ball 1-0: Swinging Strike 1-1: Swinging Strike 1-2: Strikes out looking
|
Top of the 2nd over - 0 run(s), 0 hit(s), 0 error(s), 0 left on base; Seattle 0 - Saskatoon 0 |
BOTTOM OF THE 2ND |
Saskatoon Smokin' Guns batting - Pitching for Seattle Rainiers : RHP Esteban Corona
|
Batting: LHB Russell Peck
|
0-0: Called Strike 0-1: Ball 1-1: Ball 2-1: Called Strike 2-2: Strikes out looking
|
Batting: LHB Raúl Casillán
|
0-0: TRIPLE (Line Drive, 9LS)
|
Batting: LHB Alejandro Rojas
|
0-0: Ball 1-0: Called Strike 1-1: Ball 2-1: Foul Ball, location: 2F 2-2: SINGLE (Groundball, 6MD) Raúl Casillán scores
|
Batting: RHB Jason O'Toole
|
0-0: Foul Ball, location: 2F 0-1: Ball 1-1: Ball 2-1: Ball 3-1: Foul Ball, location: 2F 3-2: Foul Ball, location: 2F 3-2: Fly out, F5 (Popup, 5F)
|
Batting: LHB Bo Rush
|
0-0: Ball 1-0: Called Strike 1-1: Swinging Strike 1-2: Strikes out swinging
|
Bottom of the 2nd over - 1 run(s), 2 hit(s), 0 error(s), 1 left on base; Seattle 0 - Saskatoon 1 |
TOP OF THE 3RD |
Seattle Rainiers batting - Pitching for Saskatoon Smokin' Guns : RHP William Bryan
|
Batting: RHB Doug Williams
|
0-0: Ball 1-0: Foul Ball, location: 2F 1-1: Ground out 6-3 (Groundball, 6M)
|
Batting: LHB Alan Moore
|
0-0: Foul Ball, location: 2F 0-1: Ball 1-1: Ball 2-1: Foul Ball, location: 2F 2-2: Strikes out swinging
|
Batting: RHB Edward Melton
|
0-0: Called Strike 0-1: Swinging Strike 0-2: Ball 1-2: Ball 2-2: Strikes out swinging
|
Top of the 3rd over - 0 run(s), 0 hit(s), 0 error(s), 0 left on base; Seattle 0 - Saskatoon 1 |
BOTTOM OF THE 3RD |
Saskatoon Smokin' Guns batting - Pitching for Seattle Rainiers : RHP Esteban Corona
|
Batting: RHB Xavier López
|
0-0: Called Strike 0-1: Foul Ball, location: 2F 0-2: Ball 1-2: Ball 2-2: Strikes out swinging
|
Batting: RHB Chris Richards
|
0-0: Foul Ball, location: 2F 0-1: Foul Ball, location: 2F 0-2: Ball 1-2: Ground out 5-3 (Groundball, 5)
|
Batting: RHB Alvin Hampton
|
0-0: Foul Ball, location: 2F 0-1: Ball 1-1: Foul Ball, location: 2F 1-2: Strikes out looking
|
Bottom of the 3rd over - 0 run(s), 0 hit(s), 0 error(s), 0 left on base; Seattle 0 - Saskatoon 1 |
TOP OF THE 4TH |
Seattle Rainiers batting - Pitching for Saskatoon Smokin' Guns : RHP William Bryan
|
Batting: RHB Alejandro Ramos
|
0-0: Ball 1-0: SOLO HOME RUN (Flyball, 8LXD) (Inside the Park)
|
Batting: SHB Glenn Vadnais
|
0-0: Called Strike 0-1: Foul Ball, location: 2F 0-2: Ball 1-2: Strikes out looking
|
Batting: LHB Brian Boone
|
0-0: Called Strike 0-1: Ball 1-1: Ball 2-1: Swinging Strike 2-2: Ball 3-2: Foul Ball, location: 2F 3-2: Base on Balls
|
Batting: RHB Jorge Montoya
|
0-0: Ball Brian Boone is caught stealing 2nd base 1-0: Swinging Strike 1-1: Foul Ball, location: 2F 1-2: Ball 2-2: Ground out 5-3 (Groundball, 56)
|
Top of the 4th over - 1 run(s), 1 hit(s), 0 error(s), 0 left on base; Seattle 1 - Saskatoon 1 |
BOTTOM OF THE 4TH |
Saskatoon Smokin' Guns batting - Pitching for Seattle Rainiers : RHP Esteban Corona
|
Batting: RHB Eric Neal
|
0-0: Ball 1-0: Ball 2-0: Swinging Strike 2-1: Foul Ball, location: 2F 2-2: Strikes out swinging
|
Batting: LHB Russell Peck
|
0-0: Ball 1-0: Foul Ball, location: 2F 1-1: Ball 2-1: SINGLE (Groundball, 4MD)
|
Batting: LHB Raúl Casillán
|
0-0: Ball 1-0: Fielders Choice at 2nd, 4-6 (Groundball, 4)
|
Batting: LHB Alejandro Rojas
|
0-0: Swinging Strike 0-1: Swinging Strike 0-2: Strikes out looking
|
Bottom of the 4th over - 0 run(s), 1 hit(s), 0 error(s), 1 left on base; Seattle 1 - Saskatoon 1 |
TOP OF THE 5TH |
Seattle Rainiers batting - Pitching for Saskatoon Smokin' Guns : RHP William Bryan
|
Batting: LHB Tony Rivera
|
0-0: Swinging Strike 0-1: Called Strike 0-2: Ball 1-2: Ball 2-2: Ball 3-2: Base on Balls
|
Batting: RHB Jorge Colón
|
0-0: Ball 1-0: Fielders Choice at 2nd, 1-6 (Groundball, 13)
|
Batting: RHB Doug Williams
|
0-0: Foul Ball, location: 2F 0-1: Ball 1-1: Fly out, F9 (Flyball, 9S)
|
Batting: LHB Alan Moore
|
0-0: Fly out, F9 (Line Drive, 89S)
|
Top of the 5th over - 0 run(s), 0 hit(s), 0 error(s), 1 left on base; Seattle 1 - Saskatoon 1 |
BOTTOM OF THE 5TH |
Saskatoon Smokin' Guns batting - Pitching for Seattle Rainiers : RHP Esteban Corona
|
Batting: RHB Jason O'Toole
|
0-0: Foul Ball, location: 2F 0-1: SINGLE (Groundball, 6MD)
|
Batting: LHB Bo Rush
|
0-0: Ball 1-0: Fielders Choice at 2nd, 3-6 (Groundball, 3)
|
Batting: RHB Xavier López
|
0-0: Ball 1-0: Swinging Strike 1-1: Ball 2-1: Fly out, F6 (Line Drive, 6)
|
Batting: RHB Chris Richards
|
0-0: Called Strike 0-1: Fly out, F7 (Line Drive, 78S)
|
Bottom of the 5th over - 0 run(s), 1 hit(s), 0 error(s), 1 left on base; Seattle 1 - Saskatoon 1 |
TOP OF THE 6TH |
Seattle Rainiers batting - Pitching for Saskatoon Smokin' Guns : RHP William Bryan
|
Batting: RHB Edward Melton
|
0-0: Called Strike 0-1: Called Strike 0-2: Strikes out swinging
|
Batting: RHB Alejandro Ramos
|
0-0: Called Strike 0-1: Ground out 5-3 (Groundball, 56S)
|
Batting: SHB Glenn Vadnais
|
0-0: Ball 1-0: Called Strike 1-1: Reached on error, E6 (Groundball, 56)
|
Batting: LHB Brian Boone
|
0-0: Called Strike 0-1: Ball 1-1: Ball 2-1: Foul Ball, location: 2F 2-2: Ball 3-2: Base on Balls
|
Batting: RHB Jorge Montoya
|
0-0: Called Strike 0-1: Foul Ball, location: 2F 0-2: Ball 1-2: Ground out 5-3 (Groundball, 5)
|
Top of the 6th over - 0 run(s), 0 hit(s), 1 error(s), 2 left on base; Seattle 1 - Saskatoon 1 |
BOTTOM OF THE 6TH |
Saskatoon Smokin' Guns batting - Pitching for Seattle Rainiers : RHP Esteban Corona
|
Batting: RHB Alvin Hampton
|
0-0: Called Strike 0-1: Ball 1-1: Swinging Strike 1-2: Ball 2-2: Strikes out looking
|
Batting: RHB Eric Neal
|
0-0: Foul Ball, location: 2F 0-1: SINGLE (Groundball, 5S) (infield hit)
|
Pitching: RHP César Rodríguez
|
|
Batting: LHB Russell Peck
|
0-0: Ball 1-0: Foul Ball, location: 2F 1-1: Swinging Strike 1-2: Strikes out swinging
|
Batting: LHB Raúl Casillán
|
0-0: Called Strike 0-1: Ground out 4-3 (Groundball, 4)
|
Bottom of the 6th over - 0 run(s), 1 hit(s), 0 error(s), 1 left on base; Seattle 1 - Saskatoon 1 |
TOP OF THE 7TH |
Seattle Rainiers batting - Pitching for Saskatoon Smokin' Guns : RHP William Bryan
|
Pitching: LHP Dawson Sutton
|
|
Batting: LHB Tony Rivera
|
0-0: Called Strike 0-1: Ball 1-1: Called Strike 1-2: Foul Ball, location: 2F 1-2: Fly out, F7 (Flyball, 78S)
|
Pitching: RHP José Pérez
|
|
Pinch Hitting: RHB Bill Dawson
|
0-0: Called Strike 0-1: Foul Ball, location: 2F 0-2: Foul Ball, location: 2F 0-2: Ball 1-2: Strikes out looking
|
Batting: RHB Doug Williams
|
0-0: Called Strike 0-1: Called Strike 0-2: Ball 1-2: Ball 2-2: Foul Ball, location: 2F 2-2: Strikes out swinging
|
Top of the 7th over - 0 run(s), 0 hit(s), 0 error(s), 0 left on base; Seattle 1 - Saskatoon 1 |
BOTTOM OF THE 7TH |
Saskatoon Smokin' Guns batting - Pitching for Seattle Rainiers : RHP César Rodríguez
|
Now at 2B: Bill Dawson
|
|
Batting: LHB Alejandro Rojas
|
0-0: Ball 1-0: SINGLE (Line Drive, 34)
|
Batting: RHB Jason O'Toole
|
0-0: Ball 1-0: Called Strike 1-1: Foul Ball, location: 2F 1-2: Ball 2-2: Strikes out swinging
|
Pinch Hitting: RHB Raúl Méndez
|
0-0: Called Strike 0-1: Foul Ball, location: 2F 0-2: Ball 1-2: Fielders Choice at 2nd, 6-4 (Groundball, 56)
|
Batting: RHB Xavier López
|
0-0: Called Strike 0-1: Called Strike 0-2: Ball 1-2: Strikes out swinging
|
Bottom of the 7th over - 0 run(s), 1 hit(s), 0 error(s), 1 left on base; Seattle 1 - Saskatoon 1 |
TOP OF THE 8TH |
Seattle Rainiers batting - Pitching for Saskatoon Smokin' Guns : RHP José Pérez
|
Now at 1B: Mario Gómez
|
|
Pinch Hitting: SHB Nick Cox
|
0-0: Ball 1-0: Ball 2-0: Ball 3-0: Called Strike 3-1: Base on Balls
|
Batting: RHB Edward Melton
|
0-0: Foul Ball, location: 2F 0-1: Swinging Strike 0-2: Ball 1-2: Fly out, F8 (Line Drive, 78M)
|
Batting: RHB Alejandro Ramos
|
0-0: Called Strike 0-1: Ball 1-1: Fly out, F4 (Popup, 8RS)
|
Batting: SHB Glenn Vadnais
|
0-0: Called Strike 0-1: Ball 1-1: Called Strike 1-2: Strikes out swinging
|
Top of the 8th over - 0 run(s), 0 hit(s), 0 error(s), 1 left on base; Seattle 1 - Saskatoon 1 |
BOTTOM OF THE 8TH |
Saskatoon Smokin' Guns batting - Pitching for Seattle Rainiers : RHP César Rodríguez
|
Now at C: Nick Cox
|
|
Pinch Hitting: LHB Andrew Veeck
|
0-0: Called Strike 0-1: Ball 1-1: Ball 2-1: Swinging Strike 2-2: Ball 3-2: Foul Ball, location: 2F 3-2: SINGLE (Line Drive, 89S)
|
Batting: RHB Alvin Hampton
|
0-0: Called Strike 0-1: Swinging Strike 0-2: Ball Andrew Veeck steals 2nd base 1-2: Ball 2-2: Strikes out swinging
|
Pitching: RHP Steve Benson
|
|
Batting: RHB Eric Neal
|
0-0: Ball 1-0: Called Strike 1-1: Ball 2-1: Ball 3-1: Base on Balls
|
Batting: LHB Russell Peck
|
0-0: Foul Ball, location: 2F 0-1: Swinging Strike 0-2: Ball 1-2: Ball 2-2: Strikes out swinging
|
Batting: LHB Raúl Casillán
|
0-0: Ball 1-0: Called Strike 1-1: Foul Ball, location: 2F 1-2: Strikes out swinging
|
Bottom of the 8th over - 0 run(s), 1 hit(s), 0 error(s), 2 left on base; Seattle 1 - Saskatoon 1 |
TOP OF THE 9TH |
Seattle Rainiers batting - Pitching for Saskatoon Smokin' Guns : RHP José Pérez
|
Pitching: RHP Clayton Hawkins
|
|
Now in LF: Andrew Veeck
|
|
Batting: LHB Brian Boone
|
0-0: Ball 1-0: Swinging Strike 1-1: Ball 2-1: Ball 3-1: Base on Balls
|
Batting: RHB Jorge Montoya
|
0-0: Ball 1-0: Foul Ball, location: 2F 1-1: Called Strike 1-2: Foul Ball, location: 2F 1-2: Ball 2-2: Strikes out swinging Brian Boone steals 2nd base Batter strikes out.
|
Batting: LHB Tony Rivera
|
0-0: Intentional Walk
|
Pinch Hitting: RHB Robert Marks
|
0-0: Foul Ball, location: 2F 0-1: Ball 1-1: Grounds into double play, 5-4-3 (Groundball, 56)
|
Top of the 9th over - 0 run(s), 0 hit(s), 0 error(s), 1 left on base; Seattle 1 - Saskatoon 1 |
BOTTOM OF THE 9TH |
Saskatoon Smokin' Guns batting - Pitching for Seattle Rainiers : RHP Steve Benson
|
Now at 2B: Reynaldo Slomp
|
|
Batting: LHB Alejandro Rojas
|
0-0: Reached on error, E3 (Groundball, 3S)
|
Batting: RHB Jason O'Toole
|
0-0: Ball 1-0: Fly out, F7 (Flyball, 7M)
|
Pinch Hitting: RHB Kenny Thompson
|
0-0: Ball Alejandro Rojas is caught stealing 2nd base 1-0: Ball 2-0: Foul Ball, location: 2F 2-1: Ball 3-1: Foul Ball, location: 2F 3-2: Base on Balls
|
Pinch Hitting: RHB Gary Spencer
|
0-0: Ball 1-0: Foul Ball, location: 2F 1-1: Ball 2-1: Swinging Strike 2-2: Strikes out swinging
|
Bottom of the 9th over - 0 run(s), 0 hit(s), 1 error(s), 1 left on base; Seattle 1 - Saskatoon 1 |
TOP OF THE 10TH |
Seattle Rainiers batting - Pitching for Saskatoon Smokin' Guns : RHP Clayton Hawkins
|
Now at SS: Kenny Thompson
|
|
Now in LF: César Rodríguez
|
|
Pinch Hitting: SHB Vicente Pagán
|
0-0: Foul Ball, location: 2F 0-1: Ball 1-1: Ball 2-1: Ground out 1-3 (Groundball, 15S)
|
Batting: SHB Nick Cox
|
0-0: Ball 1-0: Foul Ball, location: 2F 1-1: Reached on error, E6 (Groundball, 56)
|
Batting: RHB Edward Melton
|
0-0: Called Strike 0-1: Called Strike 0-2: Ball 1-2: Strikes out swinging
|
Batting: RHB Alejandro Ramos
|
0-0: Foul Ball, location: 2F 0-1: Ball 1-1: Ball 2-1: Foul Ball, location: 2F 2-2: Ball Wild Pitch! Nick Cox to second 3-2: Hit by Pitch
|
Batting: SHB Glenn Vadnais
|
0-0: Called Strike 0-1: Ball 1-1: Swinging Strike 1-2: Ball 2-2: 3-RUN HOME RUN (Flyball, 9D), Distance : 430 ft
|
Pitching: RHP Lorenzo Montáñez
|
|
Batting: LHB Brian Boone
|
0-0: Foul Ball, location: 2F 0-1: Called Strike 0-2: Ball 1-2: Foul Ball, location: 2F 1-2: Ground out 4-3 (Groundball, 34)
|
Top of the 10th over - 3 run(s), 1 hit(s), 1 error(s), 0 left on base; Seattle 4 - Saskatoon 1 |
BOTTOM OF THE 10TH |
Saskatoon Smokin' Guns batting - Pitching for Seattle Rainiers : RHP Steve Benson
|
Pitching: RHP Domingo García
|
|
Now in CF: Vicente Pagán
|
|
Batting: LHB Andrew Veeck
|
0-0: Ball 1-0: Called Strike 1-1: Foul Ball, location: 2F 1-2: Fly out, F7 (Flyball, 7D)
|
Batting: RHB Alvin Hampton
|
0-0: Called Strike 0-1: Fly out, F6 (Line Drive, 56D)
|
Batting: RHB Eric Neal
|
0-0: Ball 1-0: Swinging Strike 1-1: Ball 2-1: Ball 3-1: Fly out, F7 (Flyball, 7M)
|
Bottom of the 10th over - 0 run(s), 0 hit(s), 0 error(s), 0 left on base; Seattle 4 - Saskatoon 1 |
|